 Dungeon Crawl Stone Soup version 0.23.2-33-g5129a83184 (webtiles) character file.

Game seed: 3579838593402837522

1172 eccles the Digger (level 8, -25/48 HPs)
             Began as a Gargoyle Earth Elementalist on June 28, 2019.
             Killed from afar by a balrug (65 damage)
             ... with a fireball
             ... on level 1 of the Abyss on July 5, 2019.
             The game lasted 00:31:28 (5774 turns).

eccles the Digger (Gargoyle Earth Elementalist)     Turns: 5774, Time: 00:31:28

Health: -25/48     AC:  9    Str: 12    XL:     8   Next: 41%
Magic:  24/24      EV: 12    Int: 17    God:
Gold:   172        SH:  0    Dex: 11    Spells: 6/16 levels left

rFire    . . .     SeeInvis .   g - +1 dagger (venom)
rCold    . . .     Gourm    .   (no shield)
rNeg     + . .     Faith    .   p - +0 leather armour
rPois    ∞         Spirit   .   (no helmet)
rElec    +         Reflect  .   (no cloak)
rCorr    .         Harm     .   t - +0 pair of gloves
MR       .....                  (no boots)
Stlth    ++........             y - amulet of regeneration
HPRegen  0.56/turn              l - ring of poison resistance
MPRegen  0.19/turn              u - ring of magical power

@: no status effects
A: negative energy resistance 1, electricity resistance, unbreathing,
petrification resistance, rot immunity, AC +5
a: no special abilities


You were on level 1 of the Abyss.
You were not hungry.

You visited 2 branches of the dungeon, and saw 6 of its levels.
You visited the Abyss 1 time.
You also visited: Sewer.

You collected 172 gold pieces.

Inventory:

Hand Weapons
 e - a +1 spear of piercing
 g - a +1 dagger of venom (weapon)
 i - a +0 short sword
Missiles
 b - 104 stones
 r - 2 tomahawks (quivered)
Armour
 c - a +0 robe
 p - a +0 leather armour (worn)
 t - a +0 pair of gloves (worn)
Jewellery
 f - an uncursed amulet of the acrobat
 l - a ring of poison resistance (left hand)
 u - a ring of magical power (right hand)
 y - an amulet of regeneration (around neck)
Scrolls
 j - 5 scrolls of remove curse
 n - 2 scrolls of blinking
 o - a scroll of magic mapping
 w - a scroll of fog
 x - a scroll of immolation {unknown}
Potions
 a - 3 potions of brilliance
 h - 2 potions of haste
 k - 2 potions of agility {unknown}
 m - 4 potions of heal wounds
 q - a potion of curing
 s - a potion of invisibility
 v - 3 potions of resistance
Comestibles
 d - 8 rations
 z - 13 chunks of flesh


   Skills:
 * Level 3.8 Fighting
 + Level 2.9 Short Blades
 + Level 1.2 Armour
 + Level 2.9 Dodging
 + Level 3.9 Stealth
 + Level 0.3 Unarmed Combat
 * Level 4.7 Spellcasting
 + Level 0.1 Conjurations
 + Level 1.0 Transmutations
 * Level 6.8 Earth Magic


You had 6 spell levels left.
You knew the following spells:

 Your Spells              Type           Power        Failure   Level  Hunger
a - Sandblast             Erth           ####..       1%          1    None
b - Passwall              Tmut/Erth      ###.....     5%          2    #......
c - Stone Arrow           Conj/Erth      ###...       13%         3    ###....
d - Petrify               Tmut/Erth      ###.....     34%         4    ####...

Your spell library contained the following spells:

 Spells                   Type           Power        Failure   Level  Hunger
 Lee's Rapid Deconstruct  Erth           ####......   30%         5    ######.


Dungeon Overview and Level Annotations

Branches:
Dungeon (5/15)             Temple (1/1) D:4

Altars:
Ashenzari
Dithmenos
Elyvilon
Fedhas
Gozag
Kikubaaqudgha
Okawaru
Qazlal
Sif Muna
Trog
Uskayaw
Wu Jian
Yredelemnul
Zin
The Shining One

Annotations:
D:5 Crazy Yiuf


Innate Abilities, Weirdness & Mutations

You are resistant to torment.
Your stone body is resilient. (AC +5)
You are immune to poison.
You resist negative energy. (rN+)
You are resistant to electric shocks. (rElec)
You can survive without breathing.
You are immune to petrification.
You are immune to rotting.


Message History

Aim: Crazy Yiuf, wielding a +4 quarterstaff of chaos and wearing a +0 cloak The blast of sand hits Crazy Yiuf!
Crazy Yiuf is severely wounded.
b - 104 stones Crazy Yiuf hits you with a +4 quarterstaff of chaos.
You are cast into the Abyss!
To return, you must find a gate leading back.
Killing monsters will force the Abyss to allow you passage.
This branch contains the abyssal rune of Zot.
Unknown command.
There is an open translucent door here.
A red devil comes into view. It is wielding a +0 trident.
A balrug comes into view.
It is wielding a +2 demon whip of flaming.
The balrug shouts!
The balrug gestures at you. Something smites you! The balrug gestures at you.
The fireball explodes!
The fireball engulfs you!!!
Ouch! That really hurt!
You die...

. . ... . #..##
##.## .#.#..#.#
..#...#...## #.
..##.##..####
#.# ..
#2...#..# #
#.#..##.. #..##
#..#.#..#.#...#
#...##.##..@###
## .#.....##.#
###...#. #.#
...##. . ..#
##. .. .# ##
... . .##. .#
#.


You could see a balrug.

Vanquished Creatures
  Grinder (D:3)
  3 ogres (D:5)
  A phantom (D:5)
  A howler monkey (D:4)
  A crimson imp (D:5)
  A centaur skeleton (D:4)
  2 hounds
  An orc priest (D:3)
  Terence (D:3)
  An iguana (D:5)
  5 worker ants
  3 gnolls (D:4)
  9 adders
  A river rat (D:3)
  3 oozes
  3 worms
  4 leopard geckos
  6 orcs
  2 ball pythons
  6 giant cockroaches
  10 goblins
  7 hobgoblins
  13 jackals
  2 quokkas
  11 bats
  17 frilled lizards
  A giant cockroach zombie (D:5)
  17 kobolds
  13 rats
  4 plants (Sewer)
150 creatures vanquished.

Vanquished Creatures (others)
  An orc wizard (D:3)
1 creature vanquished.

Grand Total: 151 creatures vanquished

Notes
Turn   | Place    | Note
-------+----------+-------------------------------------------
     0 | D:1      | eccles the Gargoyle Earth Elementalist began the quest for
                  | the Orb.
     0 | D:1      | Reached XP level 1. HP: 10/10 MP: 3/3
    49 | D:1      | Reached skill level 4 in Earth Magic
    50 | D:1      | Reached XP level 2. HP: 14/15 MP: 0/5
   238 | D:1      | Reached XP level 3. HP: 19/19 MP: 4/6
   543 | D:1      | Learned a level 2 spell: Passwall
   547 | D:1      | Learned a level 3 spell: Stone Arrow
  1035 | D:2      | Reached XP level 4. HP: 7/24 MP: 5/8
  1926 | D:3      | Noticed Grinder
  1929 | D:3      | Paralysed by Grinder for 4 turns
  1941 | D:3      | Killed Grinder
  1941 | D:3      | Reached skill level 1 in Fighting
  1941 | D:3      | Reached skill level 1 in Short Blades
  1941 | D:3      | Reached skill level 5 in Earth Magic
  1941 | D:3      | Reached XP level 5. HP: 7/30 MP: 1/10
  1941 | D:3      | Reached XP level 6. HP: 8/35 MP: 1/11
  2120 | D:3      | Noticed Terence
  2312 | D:3      | Found a faded altar of an unknown god.
  2312 | D:3      | Found a hide-covered altar of Uskayaw.
  2319 | D:3      | Found a glowing silver altar of Zin.
  2322 | D:3      | Found a faded altar of an unknown god.
  2323 | D:3      | Found a blossoming altar of Fedhas.
  2417 | D:3      | Found a glowing drain.
  2427 | D:3      | Killed Terence
  2440 | Sewer    | Entered a sewer
  3573 | D:3      | Reached XP level 7. HP: 29/40 MP: 7/12
  4068 | D:4      | Found a stormy altar of Qazlal.
  4287 | D:4      | Learned a level 4 spell: Petrify
  4333 | D:4      | Found a staircase to the Ecumenical Temple.
  4345 | Temple   | Entered the Ecumenical Temple
  4783 | D:4      | Reached skill level 6 in Earth Magic
  4944 | D:5      | Entered Level 5 of the Dungeon
  4981 | D:5      | Reached XP level 8. HP: 16/46 MP: 14/14
  5471 | D:5      | Found a shattered altar of Ashenzari.
  5538 | D:5      | Reached skill level 1 in Transmutations
  5624 | D:5      | Reached skill level 1 in Armour
  5723 | D:5      | Found a runed translucent door.
  5724 | D:5      | Noticed Crazy Yiuf
  5729 | D:5      | Cast into level 1 of the Abyss (Crazy Yiuf)
  5764 | Abyss:1  | Noticed a red devil
  5765 | Abyss:1  | Noticed a balrug
  5774 | Abyss:1  | Killed from afar by a balrug

Skill      XL: |  1  2  3  4  5  6  7  8 |
---------------+-------------------------+-----
Earth Magic    | 4 5 6 |  6.8
Fighting       | 1 2 3 |  3.8
Short Blades   | 1 2 |  2.9
Dodging        | 2 |  2.9
Stealth        | 3 |  3.9
Spellcasting   | 3 4 |  4.7
Transmutations | 1 |  1.0
Armour         | 1 |  1.2
Unarmed Combat | |  0.3
Conjurations   | |  0.1

Action                   |  1- 3 |  4- 6 |  7- 9 || total
-------------------------+-------+-------+-------++-------
Melee: Unarmed           |    44 |       |       ||    44
       Short sword       |    45 |     2 |       ||    47
       Dagger            |       |   305 |   107 ||   412
 Cast: Sandblast         |    37 |    23 |    28 ||    88
       Passwall          |       |       |     1 ||     1
       Stone Arrow       |       |       |     5 ||     5
  Use: Scroll            |     3 |     1 |     7 ||    11
       Potion            |       |     2 |       ||     2
 Stab: Sleeping          |     2 |     6 |     7 ||    15
       Distracted        |       |     1 |       ||     1
  Eat: Chunk             |     1 |     9 |     7 ||    17
Armor: Robe              |    27 |    95 |    10 ||   132
       Leather armour    |       |       |    13 ||    13
Dodge: Dodged            |    66 |   147 |    48 ||   261
